 Dungeon Crawl Stone Soup version 0.31.0-1-g2c135a008e (webtiles) character file.

Game seed: 15322936461893975589

2314 Xpym the Conjurer (level 9, -7/68 HPs)
             Began as a Hill Orc Reaver on Jan 20, 2024.
             Was an Initiate of Yredelemnul.
             Shot with an arrow by a centaur (8 damage)
             ... on level 8 of the Dungeon.
             The game lasted 00:50:54 (8749 turns).

Xpym the Conjurer (Hill Orc Reaver)                 Turns: 8749, Time: 00:50:55

Health: -7/68      AC: 11    Str: 17    XL:     9   Next: 41%
Magic:  2/13       EV: 10    Int: 15    God:    Yredelemnul [......]
Gold:   345        SH:  4    Dex:  9    Spells: 1/14 levels left

rFire   . . .        a - +2 dagger (elec)
rCold   + . .        o - +0 buckler
rNeg    . . .        O - +1 ring mail {rC+}
rPois   .            m - +1 helmet
rElec   .            I - +0 cloak
rCorr   .            g - +0 pair of gloves
SInv    .            (no boots)
Will    .....        (no amulet) Stlth
                     L - ring of flight
HPRegen 0.31/turn    (no ring)
MPRegen 0.13/turn

%: no passive effects
@: on berserk cooldown, flying, slowed, very slow
A: no striking features
a: Renounce Religion, Recall Undead Harvest


You were on level 8 of the Dungeon.
You worshipped Yredelemnul.
Yredelemnul was noncommittal.
You visited 2 branches of the dungeon, and saw 9 of its levels.

You collected 345 gold pieces.


   Skills:
 - Level 2.4 Fighting
 - Level 4.1 Short Blades
 - Level 4.7 Axes
 * Level 3.3 Armour
 - Level 1.5 Dodging
 * Level 2.0 Shields
 - Level 3.0 Spellcasting
 + Level 6.3 Conjurations
 + Level 2.4 Hexes
 + Level 1.1 Summonings
 - Level 2.0 Necromancy
 + Level 3.1 Translocations
 - Level 4.0 Ice Magic
 + Level 2.0 Air Magic
 - Level 3.0 Invocations


You had one spell level left.
You knew the following spells:

 Your Spells              Type           Power      Damage    Failure   Level
a - Apportation           Tloc           22%        N/A       13%         1
e - Ensorcelled Hibernat  Hex/Ice        22%        N/A       19%         2
i - Swiftness             Air            8%         N/A       52%         3
z - Summon Small Mammal   Summ           20%        N/A       30%         1
X - Kiss of Death         Conj/Necr      56%        2d9       9%          1
Y - Momentum Strike       Conj/Tloc      32%        3d8       10%         2
Z - Hailstorm             Conj/Ice       17%        3d6       17%         3

Your spell library contained the following spells:

 Spells                   Type           Power      Damage    Failure   Level
 Sting                    Conj/Alch      44%        1d5       13%         1
 Necrotise                Necr           32%        1d5       21%         1
 Passwall                 Erth           2%         N/A       80%         3

Inventory:

Hand Weapons
 a - a +2 dagger of electrocution (weapon)
 b - a +2 falchion of flaming
 d - a +1 dagger of venom
 C - a +2 hand axe of freezing
 M - a +2 hand axe of flaming
Missiles
 e - 14 poisoned darts {@f2}
 l - 60 stones
 y - 5 darts of dispersal {=f}
 F - 3 boomerangs (quivered)
Armour
 g - a +0 pair of gloves (worn)
 m - a +1 helmet (worn)
 o - a +0 buckler (worn)
 I - a +0 cloak (worn)
 N - an orb of light
 O - a +1 ring mail of cold resistance (worn)
Magical Staves
 D - a staff of conjuration
Jewellery
 L - a ring of flight (left hand)
Scrolls
 c - a scroll of fog
 f - a scroll of teleportation {unknown}
 j - 3 scrolls of immolation
 k - 2 scrolls of revelation
 n - a scroll of blinking
 q - a scroll of amnesia {unknown}
 s - a scroll of acquirement {unknown}
 t - a scroll of poison {unknown}
 u - a scroll of enchant weapon {unknown}
 w - a scroll of fear
 A - a scroll of vulnerability {unknown}
 J - a scroll of torment {unknown}
Potions
 h - a potion of enlightenment {unknown}
 i - a potion of brilliance {unknown}
 v - a potion of curing {@q1}
 x - a potion of might
 B - a potion of resistance {unknown}
 E - a potion of haste {unknown}
 H - a potion of cancellation
 K - a potion of attraction

Dungeon Overview and Level Annotations

Branches:
Dungeon (8/15)             Temple (1/1) D:4
   Lair: D:8-11

Altars:
Ashenzari
Cheibriados
Elyvilon
Fedhas
Gozag
Hepliaklqana
Kikubaaqudgha
Makhleb
Nemelex Xobeh
Okawaru
Qazlal
Ru
Sif Muna
Trog
Uskayaw
Vehumet
Wu Jian
Yredelemnul
Zin

Shops:
D:6 *   D:8 *

Annotations:
D:4 3 runed translucent doors, 5 exclusions, bimbombam's ghost, amateur MiFi
D:5 1 exclusion, Dowan; Duvessa
D:7 1 runed translucent door, Crazy Yiuf; Maggie; Menkaure

###### ....
####..#####..
#.....c.h....
##.##..h####?#
#.<@)h.Z......
#.##......∩#..
#. #.).....#
#. +..........
## #......####
#......#
######... .###
..


You could see a centaur (ally target), 3 howler monkeys and a friendly howler
monkey zombie.


Message History

The centaur is almost dead.
The howler monkey barely misses you.
The centaur hits you with the +7 morningstar of Earthquakes {protect, rElec Will+ Str+5 Dex-5}.
* * * LOW HITPOINT WARNING * * *
The centaur kicks you but does no damage.
Your howler monkey zombie closely misses the howler monkey.
You take 5 damage, and have 12/102 hp.
You barely miss the centaur.
The centaur is almost dead.
The howler monkey hits you but does no damage.
The centaur hits you with the +7 morningstar of Earthquakes {protect, rElec Will+ Str+5 Dex-5}!
* * * LOW HITPOINT WARNING * * *
The centaur kicks you.
* * * LOW HITPOINT WARNING * * *
You take 11 damage, and have 1/102 hp.
Your howler monkey zombie closely misses the howler monkey.
The centaur unwields the +7 morningstar of Earthquakes {protect, rElec Will+ Str+5 Dex-5}.
The centaur wields a +0 shortbow.
The centaur shoots an arrow.
The arrow closely misses you.
There is a stone staircase leading down here.
You feel a strong urge to attack something.
Your howler monkey zombie hits the howler monkey.
Items here: )) [[.
You are no longer berserk.
You are exhausted.
You feel yourself slow down.
The centaur shoots an arrow.
You block the arrow.
The howler monkey hoots and howls with incredible vigour!
The centaur shoots an arrow.
The arrow hits you!
You die...
Your body rises from the dead as a mindless zombie.

Skill      XL: |  1  2  3  4  5  6  7  8  9 |
---------------+----------------------------+-----
Translocations | 1 2 3 |  3.1
Spellcasting   | 2 3 |  3.0
Conjurations   | 4 5 6 |  6.3
Ice Magic      | 1 2 3 4 |  4.0
Short Blades   | 1 2 4 |  4.1
Armour         | 1 2 3 |  3.3
Invocations    | 1 2 3 |  3.0
Necromancy     | 1 2 |  2.0
Air Magic      | 1 2 |  2.0
Hexes          | 2 |  2.4
Shields        | 2 |  2.0
Summonings     | 1 |  1.1
Fighting       | |  2.4
Axes           | |  4.7
Dodging        | |  1.5

Action                     |  1- 3 |  4- 6 |  7- 9 || total
---------------------------+-------+-------+-------++-------
  Melee: Hand axe          |    99 |    21 |       ||   120
         Punch             |     1 |     2 |       ||     3
         Dagger            |       |   128 |   123 ||   251
  Throw: Dart              |     8 |    33 |    37 ||    78
         Stone             |       |     2 |     2 ||     4
         Boomerang         |       |       |    13 ||    13
   Cast: Momentum Strike   |     3 |    29 |    37 ||    69
         Kiss of Death     |       |     2 |     2 ||     4
         Hailstorm         |       |     2 |    30 ||    32
         Ensorcelled Hiber |       |       |     2 ||     2
 Invoke: Recall Undead Har |       |       |     2 ||     2
    Use: Potion            |       |     4 |     1 ||     5
         Scroll            |       |     5 |     3 ||     8
   Stab: Sleeping          |     1 |       |     1 ||     2
         Distracted        |       |       |     2 ||     2
 Armour: Leather armour    |    57 |       |       ||    57
         Animal skin       |     5 |   102 |    98 ||   205
         Ring mail         |       |       |    41 ||    41
  Dodge: Dodged            |    52 |    72 |   112 ||   236
  Block: Buckler           |       |       |     9 ||     9

Levels and vault maps discovered:
D:1:      eino_arrival_tree_alley, layout_basic, fountainhead,
          minmay_misc_feat_alley
D:2:      layout_basic, uniq_jessica, uniq_terence, uniq_robin
D:3:      layout_basic, minmay_overflow_temple_star_quad, serial_curves,
          eino_curves_03, eino_curves_02, minmay_misc_feat_hallway, uniq_natasha
D:4:      corexii_shack_village, layout_basic, mainiacjoe_overflow_catwalk,
          mainiacjoe_overflow_tiny_flanked, minmay_temple_entry_offerings,
          gammafunk_ghost_split, uniq_sigmund
D:5:      layout_gridville, mainiacjoe_overflow_alcove_3, uniq_duvessa
D:6:      layout_loops_ring, makhleb_grotto_becter, serial_shops,
          nicolae_shop_peninsula
D:7:      layout_basic, lightli_orcish_oven, uniq_maggie,
          uniq_crazy_yiuf_cottage, uniq_menkaure
D:8:      layout_basic, dpeg_lair_monsters, serial_shops, shop, shop, shop,
          nicolae_shop_trees, shop, minmay_shop_damaged, nicolae_shop_fire_sale
          [nicolae_sub_dead_trees], st_stairs_9
Temple:   kb_temple_of_zot

Notes
Turn   | Place    | Note
-------+----------+-------------------------------------------
     0 | D:1      | Xpym the Hill Orc Reaver began the quest for the Orb.
     0 | D:1      | Reached XP level 1. HP: 18/18 MP: 3/3
   607 | D:1      | Reached XP level 2. HP: 22/25 MP: 4/4
   610 | D:1      | Learned a level 2 spell: Momentum Strike
   857 | D:2      | Noticed Jessica
  1025 | D:2      | Reached skill level 1 in Translocations
  1051 | D:2      | Reached XP level 3. HP: 27/30 MP: 5/5
  1126 | D:2      | Noticed Robin
  1188 | D:2      | Killed Robin
  1263 | D:2      | Killed Jessica
  1264 | D:2      | Reached skill level 2 in Spellcasting
  1264 | D:2      | Reached XP level 4. HP: 37/37 MP: 0/7
  1268 | D:2      | Learned a level 3 spell: Hailstorm
  1503 | D:2      | Noticed Terence
  1518 | D:2      | Killed Terence
  1519 | D:2      | Reached XP level 5. HP: 8/38 MP: 4/8
  1705 | D:2      | Reached skill level 4 in Conjurations
  2397 | D:3      | Reached skill level 1 in Ice Magic
  2847 | D:3      | Found a sacrificial altar of Ru.
  2849 | D:3      | Found a basalt altar of Yredelemnul.
  2852 | D:3      | Found a blossoming altar of Fedhas.
  2961 | D:3      | Noticed Natasha
  2977 | D:3      | Killed Natasha
  2978 | D:3      | Reached skill level 1 in Short Blades
  3349 | D:3      | Noticed Natasha
  3358 | D:3      | Killed Natasha
  3359 | D:3      | Reached skill level 2 in Translocations
  3359 | D:3      | Reached XP level 6. HP: 40/50 MP: 4/9
  3478 | D:4      | Found an iron altar of Okawaru.
  3889 | D:4      | Noticed Sigmund
  3893 | D:5      | Entered Level 5 of the Dungeon
  3953 | D:5      | Noticed a water moccasin
  3964 | D:5      | Killed a water moccasin
  3965 | D:5      | Reached skill level 2 in Ice Magic
  3973 | D:5      | HP: 5/50 [poisoned by a water moccasin]
  4221 | D:5      | Reached skill level 2 in Short Blades
  4345 | D:5      | Noticed a black bear
  4401 | D:4      | Noticed bimbombam's ghost (amateur MiFi)
  4418 | D:4      | Reached skill level 1 in Armour
  4418 | D:4      | Reached XP level 7. HP: 56/56 MP: 7/10
  4442 | D:4      | Found a runed translucent gate.
  4442 | D:4      | Found a runed translucent gate.
  4442 | D:4      | Found a runed translucent gate.
  4661 | D:4      | Found a staircase to the Ecumenical Temple.
  4671 | Temple   | Entered the Ecumenical Temple
  4735 | D:3      | Became a worshipper of Yredelemnul the Dark
  4876 | D:4      | Found a glowing silver altar of Zin.
  5025 | D:4      | Learned a level 3 spell: Swiftness
  5027 | D:4      | Learned a level 1 spell: Apportation
  5385 | D:5      | Reached skill level 5 in Conjurations
  5467 | D:5      | Noticed Duvessa
  5488 | D:5      | Noticed Dowan
  5527 | D:4      | Killed Sigmund
  5528 | D:4      | Reached skill level 1 in Invocations
  5792 | D:5      | Found a stormy altar of Qazlal.
  5808 | D:5      | Reached skill level 1 in Necromancy
  5808 | D:5      | Reached XP level 8. HP: 62/62 MP: 3/12
  5925 | D:5      | Reached skill level 3 in Short Blades
  6038 | D:5      | Reached skill level 3 in Ice Magic
  6155 | D:5      | Found a sparkling altar of Nemelex Xobeh.
  6156 | D:5      | Found a white marble altar of Elyvilon.
  6157 | D:5      | Found a bloodstained altar of Trog.
  6223 | D:5      | Learned a level 2 spell: Ensorcelled Hibernation
  6413 | D:5      | Reached skill level 2 in Armour
  6413 | D:5      | Reached skill level 1 in Air Magic
  6570 | D:6      | Found Verrith's General Store.
  6679 | D:6      | Reached * piety under Yredelemnul
  6911 | D:6      | Reached skill level 1 in Hexes
  6950 | D:6      | Reached skill level 2 in Invocations
  7094 | D:6      | Found a burning altar of Makhleb.
  7458 | D:7      | Reached skill level 3 in Spellcasting
  7819 | D:7      | Found a runed translucent door.
  7820 | D:7      | Noticed Crazy Yiuf
  7886 | D:7      | Reached skill level 4 in Short Blades
  7886 | D:7      | Reached skill level 6 in Conjurations
  7886 | D:7      | Reached skill level 2 in Hexes
  7886 | D:7      | Reached skill level 3 in Translocations
  7886 | D:7      | Reached XP level 9. HP: 68/68 MP: 10/13
  8066 | D:6      | Learned a level 1 spell: Summon Small Mammal
  8112 | D:6      | Reached skill level 2 in Necromancy
  8329 | D:7      | Noticed Menkaure
  8330 | D:7      | Noticed Maggie
  8400 | D:6      | Reached skill level 4 in Ice Magic
  8400 | D:6      | Reached skill level 3 in Invocations
  8538 | D:7      | Reached skill level 1 in Shields
  8680 | D:8      | Reached skill level 3 in Armour
  8682 | D:8      | Found Pask's Lightly-Used Armoury.
  8721 | D:8      | Reached skill level 2 in Air Magic
  8722 | D:8      | Identified the +7 morningstar of Earthquakes {protect,
                  | rElec Will+ Str+5 Dex-5}
  8745 | D:8      | Reached skill level 2 in Shields
  8745 | D:8      | Reached skill level 1 in Summonings
  8746 | D:8      | HP: 3/102 [centaur/the +7 morningstar of Earthquakes
                  | {protect, rElec Will+ Str+5 Dex-5} (10)]
  8746 | D:8      | HP: 1/102 [centaur/the +7 morningstar of Earthquakes
                  | {protect, rElec Will+ Str+5 Dex-5} (2)]
  8749 | D:8      | Shot with an arrow by a centaur

Vanquished Creatures
  Sigmund (D:4)
  A wyvern (D:8)
  A steam dragon (D:7)
  A water moccasin (D:5)
  A sky beast (D:7)
  A black bear (D:5)
  A centaur (D:7)
  A phantom (D:5)
  A bullfrog (D:6)
  A scorpion (D:4)
  5 wights
  A howler monkey (D:8)
  A crimson imp (D:6)
  A hound (D:5)
  2 jellies (D:5)
  An orc priest (D:5)
  Jessica (D:2)
  3 iguanas
  Terence (D:2)
  Natasha (twice) (D:3)
  4 orc wizards
  Robin (D:2)
  7 gnolls
  11 adders
  2 shadow imps
  3 ufetubi
  3 ribbon worms
  3 dart slugs
  31 orcs
  6 ball pythons
  4 bats
  2 endoplasms
  14 goblins
  14 hobgoblins
  3 jackals (D:4)
  4 quokkas
  A frilled lizard (D:2)
  5 kobolds
  An orc zombie (D:7)
  5 rats
152 creatures vanquished.

Vanquished Creatures (collateral kills)
  An ogre (D:6)
  A scorpion (D:6)
  A howler monkey (D:8)
  An iguana (D:6)
  An ufetubus (D:6)
  An orc (D:7)
6 creatures vanquished.

Vanquished Creatures (others)
  A bullfrog zombie (D:6)
  A centaur zombie (D:7)
  A sky beast zombie (D:7)
  A howler monkey zombie (D:8)
  A jelly zombie (D:5)
  9 orc zombies
  An adder zombie (D:5)
  3 gnoll zombies
  2 spectral ufetubi
20 creatures vanquished.

Grand Total: 178 creatures vanquished

Table legend: (Time is in decaauts)
 A = Elapsed time spent in this place.
 B = Non-inter-level travel time spent in this place.
 C = Inter-level travel time spent in this place.
 D = Time resting spent in this place.
 E = Time spent auto-exploring this place.
 F = Levels seen in this place.
 G = Mean time per level.
                   A        B        C        D        E       F      G
               +--------+--------+--------+--------+--------+-----+--------+
         Total |   8767 |   7937 |    830 |    876 |   5411 |   9 |  974.1 |
       Dungeon |   8766 |   7936 |    830 |    876 |   5411 |   8 | 1095.8 |
        Temple |      1 |      1 |      0 |      0 |      0 |   1 |    1.0 |
               +--------+--------+--------+--------+--------+-----+--------+

Top non-repeatable levels by time:
     D:5: 1664 daAuts
     D:2: 1458 daAuts
     D:4: 1385 daAuts
     D:6: 1209 daAuts
     D:3: 1195 daAuts
     D:7: 890 daAuts
     D:1: 888 daAuts
     D:8: 75 daAuts
  Temple: 1 daAuts

Table legend:
 A = Non-vault XP
 B = Vault XP
 C = Vault XP percentage of total XP
 D = Non-vault monster count
 E = Vault monster count
 F = Vault count percentage of total count
                 A         B        C        D         E       F
            +---------+---------+-------+---------+---------+-------
      Total |    2855 |     452 |  13.7 |     133 |      24 |  15.3
            +---------+---------+-------+---------+---------+-------
        D:1 |      13 |       0 |   0.0 |       7 |       0 |   0.0
        D:2 |      82 |     108 |  56.8 |      19 |      13 |  40.6
        D:3 |     107 |      35 |  24.6 |      22 |       1 |   4.3
        D:4 |     192 |     246 |  56.2 |      24 |       4 |  14.3
        D:5 |     702 |       0 |   0.0 |      22 |       0 |   0.0
        D:6 |     658 |      48 |   6.8 |      13 |       1 |   7.1
        D:7 |     719 |      15 |   2.0 |      19 |       5 |  20.8
        D:8 |     382 |       0 |   0.0 |       7 |       0 |   0.0
            +---------+---------+-------+---------+---------+-------
